Map: [ESL] Inside and Out

Players

夜蝶蝶蝶蝶蝶蝶蝶 (Firefly)

  • Race: Protoss Protoss

Cyan - Winner!

  • Race: Protoss Protoss

Event: DreamHack SC2 Masters 2022 Atlanta (Online)

VOD

Have the link to the VOD?

Description

Time

  • Played on: Oct. 6, 2022, 8:47 a.m.
  • Length: 7:22

All games in this series

Show
View Real Time Build Order
Export as new Build Order

夜蝶蝶蝶蝶蝶蝶蝶 Protoss 

Build Orders:  

Get SALT Encoding   

  12  0:00  Probe  
  13  0:12  Probe  
  14  0:17  Pylon  
  14  0:24  Probe  
  15  0:35  Gateway  
  15  0:38  Probe (Chrono Boost)  
  16  0:47  Probe (Chrono Boost)  
  16  0:48  Assimilator  
  17  0:52  Probe (Chrono Boost)  
  18  1:04  Probe  
  19  1:16  Probe  
  20  1:24  Zealot  
  20  1:25  Cybernetics Core  
  22  1:29  Probe  
  23  1:34  Assimilator  
  23  1:46  Pylon  
  23  1:52  Pylon  
  23  2:04  Pylon  
  23  2:07  Stalker (Chrono Boost)  
  23  2:10  Warp Gate (Chrono Boost), Probe  
  26  2:22  Probe  
  22  2:30  Stalker (Chrono Boost)  
  27  2:34  Probe  
  30  2:37  Pylon  
  30  2:41  Gateway  
  30  2:51  Nexus  
  30  3:04  Gateway  
  30  3:06  Probe  
  30  3:18  Probe  
  30  3:24  Stalker  
  31  3:30  Probe  
  31  3:32  Shield Battery  
  32  3:42  Pylon  
  32  3:49  Probe  
  32  3:51  Stalker  
  35  3:56  Shield Battery  
  35  4:00  Stalker  
  35  4:02  Stalker  
  39  4:06  Probe  
  39  4:09  Probe  
  41  4:18  Probe  
  41  4:21  Twilight Council  
  41  4:23  Probe  
  43  4:30  Probe  
  44  4:35  Probe (Chrono Boost)  
  44  4:37  Adept x2  
  50  4:47  Probe (Chrono Boost)  
  50  4:48  Probe (Chrono Boost)  
  50  4:50  Pylon  
  51  4:54  Probe (Chrono Boost)  
  51  4:56  Probe (Chrono Boost)  
  53  5:02  Probe  
  52  5:07  Blink (Chrono Boost)  
  52  5:08  Probe  
  52  5:12  Robotics Facility  
  52  5:13  Dark Shrine  
  51  5:16  Adept  
  51  5:19  Probe  
  55  5:21  Probe  
  53  5:31  Probe  
  53  5:32  Stalker  
  53  5:33  Probe  
  55  5:43  Probe  
  56  5:54  Probe  
  57  6:00  Pylon  
  57  6:01  Pylon x2  
  57  6:02  Shield Battery  
  55  6:12  Assimilator x2  
  55  6:16  Immortal (Chrono Boost)  
  57  6:19  Gateway, Pylon  
  57  6:25  Dark Templar x2  
  61  6:34  Gateway  
  61  6:38  Gateway  
  61  6:39  Gateway  
  63  6:57  Dark Templar  
  63  7:10  Gateway  
  63  7:12  Gateway  
Show
View Real Time Build Order
Export as new Build Order

Cyan Protoss - Winner!

Build Orders: Blink Stalkers 

Get SALT Encoding   

  12  0:00  Probe  
  13  0:12  Probe  
  14  0:18  Pylon  
  14  0:24  Probe (Chrono Boost)  
  15  0:37  Probe (Chrono Boost)  
  15  0:38  Gateway  
  16  0:45  Probe (Chrono Boost)  
  16  0:48  Assimilator  
  17  0:51  Probe  
  18  1:03  Probe  
  19  1:17  Probe  
  20  1:19  Pylon  
  20  1:25  Cybernetics Core, Pylon  
  20  1:27  Zealot  
  20  1:29  Probe  
  23  1:40  Assimilator  
  23  1:41  Probe (Chrono Boost)  
  24  1:51  Probe (Chrono Boost)  
  24  1:53  Pylon  
  25  1:56  Probe  
  26  2:03  Adept (Chrono Boost), Warp Gate (Chrono Boost)  
  28  2:09  Probe  
  28  2:11  Cybernetics Core  
  29  2:21  Pylon  
  29  2:25  Stalker (Chrono Boost)  
  31  2:41  Nexus  
  30  2:53  Sentry  
  30  2:57  Shield Battery  
  32  3:02  Gateway  
  32  3:06  Probe  
  33  3:18  Probe  
  34  3:20  Twilight Council  
  34  3:30  Probe  
  35  3:42  Probe, Pylon  
  35  3:46  Stalker  
  38  3:53  Probe  
  38  3:54  Probe  
  40  3:57  Sentry, Blink (Chrono Boost)  
  42  4:05  Probe  
  42  4:06  Probe  
  44  4:12  Stalker  
  46  4:17  Probe  
  46  4:19  Probe  
  46  4:21  Shield Battery  
  48  4:29  Probe  
  48  4:31  Robotics Facility, Probe  
  48  4:35  Stalker x2  
  52  4:41  Probe  
  52  4:43  Probe, Pylon  
  54  4:55  Shield Battery  
  54  5:00  Stalker x2  
  54  5:07  Probe  
  58  5:10  Gateway  
  58  5:12  Gateway, Probe  
  58  5:16  Pylon  
  58  5:20  Observer  
  59  5:27  Shield Battery  
  57  5:30  Stalker  
  57  5:33  Stalker  
  61  5:39  Warp Prism (Chrono Boost), Probe  
  61  5:40  Probe, Assimilator  
  65  5:51  Probe  
  65  5:52  Probe  
  65  5:59  Stalker  
  65  6:00  Stalker  
  65  6:03  Probe  
  70  6:06  Stalker  
  72  6:12  Nexus  
  72  6:14  Observer, Pylon  
  72  6:18  Probe x2  
  75  6:22  Stalker  
  77  6:31  Probe  
  78  6:33  Stalker x2  
  78  6:35  Pylon  
  78  6:39  Stalker  
  84  6:43  Probe  
  84  6:44  Forge  
  85  6:51  Probe  
  86  6:55  Probe, Stalker  
  86  6:57  Stalker x2  
  91  7:04  Stalker  
Tags
 
Add a new tag
Caveats
  • Supply blocks, unpowered buildings, or Contaminate may cause inaccurate times.
  • Supply counts are checked every 10 seconds.